 Dungeon Sprint DCSS version 0.30.1-11-g7821555f0a (webtiles) character file.

Game seed: 2382886952211067876

60 Heoruswealwe the Poker (level 3, -2/37 HPs)
             Began as a Minotaur Fighter on Nov 7, 2023.
             Was an Initiate of Gozag.
             Killed by vampiric draining
             ... invoked by a vampire
              (12 damage)
             ... in the Dungeon (Sprint IX: "|||||||||||||||||||||||||||||").
             The game lasted 00:01:28 (184 turns).

Heoruswealwe the Poker (Minotaur Fighter)            Turns: 184, Time: 00:01:29

Health: -2/37      AC: 13    Str: 22    XL:     3   Next: 80%
Magic:  2/2        EV:  8    Int:  5    God:    Gozag
Gold:   0          SH:  0    Dex:  9    Spells: 2/2 levels left

rFire   . . .        b - +2 halberd (venom)
rCold   . . .        (shield currently unavailable)
rNeg    . . .        c - +0 plate armour
rPois   .            (helmet restricted)
rElec   .            (no cloak)
rCorr   .            f - +0 pair of gloves
SInv    .            (no boots)
Will    .....        (no amulet) Stlth
                     k - +2 ring of evasion
HPRegen 0.26/turn    (no ring)
MPRegen 0.08/turn

%: no teleportation
@: no status effects
A: horns 2, retaliatory headbutt
a: Renounce Religion, Potion Petition, Call Merchant, Bribe Branch


You were in the Dungeon.
You worshipped Gozag.
Gozag was noncommittal.
You visited 1 branch

Inventory:

Hand Weapons
 a - a +0 trident
 b - a +2 halberd of venom (weapon)
Armour
 c - a +0 plate armour (worn)
 d - a +0 buckler
 f - a +0 pair of gloves (worn)
Jewellery
 k - a +2 ring of evasion (left hand)
Wands
 h - a wand of iceblast (10)
Scrolls
 j - 2 scrolls of blinking
Potions
 e - 4 potions of curing
 g - a potion of haste
 i - a potion of berserk rage
 l - 3 potions of heal wounds
 m - a potion of might


   Skills:
 + Level 5.7 Fighting
 * Level 6.7 Polearms
 + Level 5.7 Armour
 - Level 3.6 Shields


You had 2 spell levels left.
You didn't know any spells.
Your spell library was empty.

Dungeon Overview and Level Annotations

Branches:
Dungeon (1/1)

Altars:
Cheibriados
Dithmenos
Elyvilon
Fedhas
Gozag
Hepliaklqana
Kikubaaqudgha
Makhleb
Nemelex Xobeh
Okawaru
Qazlal
Ru
Sif Muna
Trog
Uskayaw
Vehumet
Wu Jian
Xom
Yredelemnul
Zin
The Shining One
Jiyva
Lugonu


Innate Abilities, Weirdness & Mutations

You have a pair of horns on your head.
You reflexively headbutt those who attack you in melee.


Message History

You open the door.
A vampire, 2 orcs, a two-headed ogre, a troll and a yak come into view.
The orc warrior shouts!
The orc wizard shouts!
The troll shouts!
The yak bellows!
The orc wizard mumbles some strange words.
The orc wizard flickers and vanishes!
Deactivating autopickup; reactivate with Ctrl-A.
You hit the vampire but do no damage. Your headbutt misses the vampire.
The vampire hits you.
The vampire bites you but does no damage.
You hit the vampire but do no damage. Your headbutt misses the vampire.
The orc warrior closely misses you. The vampire closely misses you.
The vampire bites you but does no damage.
You closely miss the vampire. The vampire hits you.
The vampire bites you but does no damage.
The orc warrior hits you from afar with a +0 glaive!
You hit the vampire. Your headbutt misses the vampire.
The vampire is lightly damaged.
The vampire hits you. The vampire closely misses you.
You slash the vampire!
The vampire is severely damaged.
The vampire hits you but does no damage.
The vampire bites you.
The vampire draws strength from your injuries!
You hit the vampire.
The vampire is severely damaged.
The vampire mumbles some strange words.
The vampire flickers and vanishes!
Something hits you but does no damage. Something bites you.
Something draws strength from your injuries!
You barely miss something. Your headbutt misses something. Something hits you!
* * * LOW HITPOINT WARNING * * *
Something bites you but does no damage.
Unknown command.
You closely miss something. Your headbutt misses something.
You hear some strange, mumbled words.
You are confused.
You feel better. Something draws life force from you!
You die...
Your body crumbles into a pile of gold.

$
▓!▓
$
▓?▓
$
▓)▓
$
▓[▓
▓=▓
$
▓[▓
▓.▓
$
▓.▓
▓@▓
$
▓{▓
▓O▓
$
▓o▓
$
▓{▓
$ $
▓T▓
$
▓Y▓
$
▓.▓


You could see a two-headed ogre, a yak, a troll and an orc warrior.

Vanquished Creatures
  A sleepcap (D)
  A gnoll (D)
  A shadow imp (D)
  2 ufetubi (D)
  A hobgoblin (D)
  A quokka (D)
  A bat (D)
  A kobold (D)
  A rat (D)
10 creatures vanquished.

Notes
Turn   | Place    | Note
-------+----------+-------------------------------------------
     0 | D        | Heoruswealwe the Minotaur Fighter began the quest for the
                  | Orb.
     0 | D        | Reached XP level 1. HP: 19/19 MP: 0/0
    10 | D        | Reached skill level 3 in Polearms
    25 | D        | Noticed a sleepcap
    30 | D        | Reached skill level 4 in Polearms
    30 | D        | Reached XP level 2. HP: 27/28 MP: 1/1
    42 | D        | Reached skill level 5 in Fighting
    42 | D        | Reached skill level 5 in Polearms
    42 | D        | Reached skill level 5 in Armour
    49 | D        | Reached XP level 3. HP: 23/36 MP: 2/2
    57 | D        | Reached skill level 6 in Polearms
    63 | D        | Found a snail-covered altar of Cheibriados.
    63 | D        | Found a shadowy altar of Dithmenos.
    63 | D        | Found a white marble altar of Elyvilon.
    63 | D        | Found a blossoming altar of Fedhas.
    63 | D        | Found an opulent altar of Gozag.
    64 | D        | Found a hazy altar of Hepliaklqana.
    65 | D        | Found a viscous altar of Jiyva.
    66 | D        | Found an ancient bone altar of Kikubaaqudgha.
    67 | D        | Found a corrupted altar of Lugonu.
    68 | D        | Found a burning altar of Makhleb.
    69 | D        | Found a sparkling altar of Nemelex Xobeh.
    70 | D        | Found an iron altar of Okawaru.
    71 | D        | Became a worshipper of Gozag Ym Sagoz the Greedy
    72 | D        | Found a stormy altar of Qazlal.
    73 | D        | Found a sacrificial altar of Ru.
    74 | D        | Found a shimmering blue altar of Sif Muna.
    75 | D        | Found a bloodstained altar of Trog.
    76 | D        | Found a hide-covered altar of Uskayaw.
    77 | D        | Found a radiant altar of Vehumet.
    78 | D        | Found an ornate altar of the Wu Jian Council.
    79 | D        | Found a shimmering altar of Xom.
    80 | D        | Found a basalt altar of Yredelemnul.
    81 | D        | Found a glowing silver altar of Zin.
    82 | D        | Found a glowing golden altar of the Shining One.
   175 | D        | Noticed a vampire
   175 | D        | Noticed an orc warrior
   175 | D        | Noticed a two-headed ogre
   175 | D        | Noticed a troll
   175 | D        | Noticed a yak
   184 | D        | Killed from afar by a vampire

Illustrated notes

Levels and vault maps discovered:
D:        linesprint [early_d, line_temple, items_1, d_10, items_2, lair_1,
          lair_end, items_3, orc_1, orc_end, items_4, d_15, swamp_1, shoals_1,
          snake_1, spider_1, d_20, vaults_1, items_5, swamp_end, shoals_end,
          snake_end, spider_end, vaults_end, d_27, items_6, zot_1, zot_end,
          crypt_end, forest_end, elf_end, slime_end, tomb_end, abyss_end,
          pan_hell_end]

Skill      XL: |  1  2  3 |
---------------+----------+-----
Polearms       | 4 5 6 |  6.7
Fighting       | 4 5 |  5.7
Armour         | 4 5 |  5.7
Shields        | |  3.6

Action                     || total
---------------------------++-------
  Melee: Trident           ||    40
         Headbutt          ||     8
         Halberd           ||     8
    Use: Potion            ||     1
 Armour: Scale mail        ||    21
         Plate armour      ||     6
  Dodge: Dodged            ||    16
  Block: Buckler           ||     6
